 Dungeon Crawl Stone Soup version 0.26.0-3-g156281e41b (webtiles) character file.

Game seed: 4811241785626086587

3252 terminal the Shield-Bearer (level 9, -7/79 HPs)
             Began as a Minotaur Fighter on Jan 9, 2021.
             Was a Believer of the Shining One.
             Mangled by a red ugly thing (13 damage)
             ... on level 8 of the Dungeon.
             The game lasted 00:10:13 (6053 turns).

terminal the Shield-Bearer (Minotaur Fighter)       Turns: 6053, Time: 00:10:14

Health: -7/79      AC:  9    Str: 22 (25) XL:     9   Next: 67%
Magic:  20/20      EV:  9    Int:  2 (5)  God:    the Shining One [**....]
Gold:   304        SH:  0    Dex: 10 (11) Spells: 8/8 levels left

rFire    . . .     SeeInvis .   r - +12 spear "Ocomiz" {freeze, rElec MP+9 Str+2}
rCold    . . .     Faith    .   c - +1 kite shield
rNeg     + . .     Spirit   .   b - +0 scale mail
rPois    .         Reflect  .   (helmet restricted)
rElec    +         Harm     .   i - +0 cloak
rCorr    +         Rampage  .   (no gloves)
Will     +....                  (no boots)
Stlth    ..........             (no amulet)
HPRegen  0.23/turn              f - ring of willpower
MPRegen  0.17/turn              m - ring of resist corrosion

@: confused, mighty, brilliant, divine shield, very slightly contaminated,
hasted, glowing, invisible (but backlit and visible), very quick
A: retaliatory headbutt, horns 2
a: Renounce Religion, Divine Shield


You were on level 8 of the Dungeon.
You worshipped the Shining One.
The Shining One was pleased with you.
You visited 1 branch of the dungeon, and saw 8 of its levels.

You collected 304 gold pieces.

Inventory:

Hand Weapons
 a - a +0 war axe
 r - the +12 spear "Ocomiz" (weapon) {freeze, rElec MP+9 Str+2}
   (You found it on level 4 of the Dungeon)

   It has been specially enchanted to freeze those struck by it, causing extra
   injury to most foes and up to half again as much damage against particularly
   susceptible opponents.
   It can also slow down cold-blooded creatures.
   It affects your strength (+2).
   It insulates you from electricity.
   It affects your magic capacity (+9).
Armour
 b - a +0 scale mail (worn)
 c - a +1 kite shield (worn)
 i - a +0 cloak (worn)
Jewellery
 f - a ring of willpower (left hand)
 m - a ring of resist corrosion (right hand)
 v - an uncursed amulet of faith
Wands
 s - a wand of disintegration (12)
 t - a wand of flame (25)
 u - a wand of enslavement (4)
 y - a wand of iceblast (22)
Scrolls
 e - 5 scrolls of remove curse
 o - a scroll of identify
 w - a scroll of fear {unknown}
 z - a scroll of enchant weapon {unknown}
 B - a scroll of fog {unknown}
 C - a scroll of magic mapping {unknown}
 D - a scroll of enchant armour
Potions
 h - 2 potions of flight
 p - 2 potions of haste
 x - a potion of attraction {unknown}


   Skills:
 * Level 7.2 Fighting
 + Level 6.5(7.7) Axes
 + Level 6.2(7.6) Polearms
 * Level 7.5 Armour
 + Level 2.6 Dodging
 * Level 7.9 Shields
 * Level 4.3 Invocations
 * Level 2.9 Evocations


You had 8 spell levels left.
You didn't know any spells.
Your spell library contained the following spells:

 Spells                   Type           Power        Failure   Level
 Animate Skeleton         Necr           0%           98%         1
 Apportation              Tloc           0%           98%         1
 Beastly Appendage        Tmut           0%           98%         1
 Corona                   Hex            0%           98%         1
 Summon Small Mammal      Summ           0%           98%         1
 Wereblood                Tmut           0%           99%         2
 Spider Form              Tmut/Pois      0%           100%        3
 Ice Form                 Ice/Tmut       0%           100%        4
 Blade Hands              Tmut           0%           100%        5


Dungeon Overview and Level Annotations

Branches:
Dungeon (8/15)             Temple (0/1) D:6
   Lair: D:8-11

Altars:
Cheibriados
Dithmenos
Gozag
Okawaru
Qazlal
Trog
Wu Jian
Xom
Yredelemnul
The Shining One

Annotations:
D:8 Maurice


Innate Abilities, Weirdness & Mutations

You reflexively headbutt those who attack you in melee.
You have a pair of horns on your head.


Message History

* * * LOW HITPOINT WARNING * * *
It was a potion of degeneration.
There was something very wrong with that liquid.
You feel weakened.
You feel dopey.
You feel clumsy. You block the wyvern's attack.
It was a potion of invisibility.
You become transparent, but the glow from your halo prevents you from becoming completely invisible.
You block the wyvern's attack.
Maurice picks up a scroll labelled ZUDOMN OGGO.
You are very lightly contaminated with residual magic.
It was a potion of brilliance.
You feel clever all of a sudden.
Maurice gestures wildly while chanting.
Maurice blinks!
It was a potion of haste.
You feel yourself speed up. You block the red ugly thing's attack.
It was a potion of ambrosia.
You are confused.
You feel invigorated. The red ugly thing kicks you!
You die...

....#.. ..... .....#
.... #...######..#
##....##....#
####...#......#
...#.#...#....# ##
..............# #.#
......###.....###..#
.....## ###...lu@..#
).##.# ####....###.#
..#..##........# #
.........#####.#
..#......## #.#
..........####..
...............##
.†..>....... ###
.†<......###.


You could see a red ugly thing and a wyvern.

Vanquished Creatures
  A two-headed ogre (D:6)
  A hornet (D:5)
  Menkaure (D:6)
  An orc warrior (D:7)
  2 sky beasts (D:8)
  A necrophage (D:5)
  A black bear (D:7)
  An ice beast (D:6)
  4 ogres
  2 bullfrogs
  3 wights (D:6)
  A bullfrog zombie (D:5)
  A hound (D:6)
  A bullfrog skeleton (D:5)
  2 jellies
  4 orc priests
  7 orc wizards
  A centaur skeleton (D:5)
  3 iguanas
  Natasha (thrice) (D:3)
  8 worker ants
  A killer bee zombie (D:6)
  4 gnolls
  13 adders
  A river rat (D:6)
  A white imp (D:6)
  2 oozes
  An adder zombie (D:6)
  6 worms
  3 dart slugs
  5 leopard geckos
  24 orcs
  2 giant cockroaches
  7 goblins
  5 hobgoblins
  3 jackals (D:4)
  9 kobolds
  4 quokkas
  2 ball pythons (D:2)
  7 bats
  2 frilled lizards
  A jackal zombie (D:6)
  A leopard gecko skeleton (D:6)
  7 rats
160 creatures vanquished.

Vanquished Creatures (others)
  27 plants
27 creatures vanquished.

Grand Total: 187 creatures vanquished

Notes
Turn   | Place    | Note
-------+----------+-------------------------------------------
     0 | D:1      | terminal the Minotaur Fighter began the quest for the Orb.
     0 | D:1      | Reached XP level 1. HP: 19/19 MP: 0/0
   208 | D:1      | Reached XP level 2. HP: 27/27 MP: 1/1
   512 | D:2      | Reached XP level 3. HP: 30/33 MP: 2/2
   999 | D:2      | Reached XP level 4. HP: 31/41 MP: 3/3
  1711 | D:3      | Reached XP level 5. HP: 26/47 MP: 4/4
  1723 | D:3      | Reached skill level 5 in Armour
  2296 | D:3      | Noticed Natasha
  2299 | D:3      | Killed Natasha
  2300 | D:3      | Reached skill level 1 in Dodging
  2345 | D:3      | Found a glowing golden altar of the Shining One.
  2345 | D:3      | Found a bloodstained altar of Trog.
  2350 | D:3      | Found a stormy altar of Qazlal.
  2353 | D:3      | Became a worshipper of the Shining One
  2356 | D:3      | Found a basalt altar of Yredelemnul.
  2358 | D:3      | Found an iron altar of Okawaru.
  2398 | D:3      | Noticed Natasha
  2406 | D:3      | Killed Natasha
  2411 | D:3      | Noticed Natasha
  2418 | D:3      | Killed Natasha
  2419 | D:3      | Reached XP level 6. HP: 47/55 MP: 5/5
  2757 | D:4      | Got a jewelled spear
  2759 | D:4      | Identified the +12 spear "Ocomiz" {freeze, rElec MP+9
                  | Str+2} (You found it on level 4 of the Dungeon)
  2815 | D:4      | Reached skill level 5 in Fighting
  3172 | D:5      | Entered Level 5 of the Dungeon
  3179 | D:5      | Reached skill level 5 in Shields
  3179 | D:5      | Reached skill level 1 in Invocations
  3681 | D:5      | Reached skill level 5 in Axes
  3681 | D:5      | Reached XP level 7. HP: 50/61 MP: 7/7
  3792 | D:5      | Reached * piety under the Shining One
  3924 | D:5      | Noticed a hornet
  3926 | D:5      | Found a shadowy altar of Dithmenos.
  3929 | D:5      | Paralysed by a hornet for 3 turns
  3933 | D:5      | Killed a hornet
  4458 | D:6      | Reached XP level 8. HP: 70/70 MP: 9/9
  4476 | D:6      | Found a snail-covered altar of Cheibriados.
  4482 | D:6      | Reached skill level 1 in Polearms
  4506 | D:6      | Reached skill level 1 in Evocations
  4750 | D:6      | Found a shimmering altar of Xom.
  4775 | D:6      | Reached ** piety under the Shining One
  4783 | D:6      | Found a staircase to the Ecumenical Temple.
  4861 | D:6      | Noticed a two-headed ogre
  4868 | D:6      | Killed a two-headed ogre
  4869 | D:6      | Reached XP level 9. HP: 78/78 MP: 10/10
  5003 | D:6      | Noticed Menkaure
  5007 | D:6      | Killed Menkaure
  5029 | D:6      | Found an opulent altar of Gozag.
  5413 | D:7      | Reached skill level 5 in Polearms
  5844 | D:7      | Found an ornate altar of the Wu Jian Council.
  6004 | D:8      | Noticed a red ugly thing
  6010 | D:8      | Noticed Maurice
  6016 | D:8      | The Shining One protects you from harm!
  6019 | D:8      | HP: 3/79 [red ugly thing (13)]
  6048 | D:8      | HP: 2/79 [wyvern (10)]
  6053 | D:8      | Mangled by a red ugly thing

Illustrated notes

Levels and vault maps discovered:
D:1:      dpeg_arrival_more_subterranean_lakeside_camping, layout_basic
D:2:      minmay_diamond_boxcup, layout_rooms, minmay_shallow_snake_nest
D:3:      layout_basic, chequers_temple_overflow_minitemple,
          serial_bayou_lagoon_a, uniq_natasha
D:4:      layout_loops_ring
D:5:      layout_loops_ring, chequers_serial_rivers_small_a,
          grunt_dithmenos_smoke
D:6:      layout_basic, general_overflow_altar, kennysheep_mini,
          old_standard_altar, temple_pool_b, gup_sewer_entry_spiral,
          uniq_menkaure
D:7:      layout_loops_cross, basic_altar
D:8:      layout_rooms, uniq_maurice

Skill      XL: |  1  2  3  4  5  6  7  8  9 |
---------------+----------------------------+-----
Armour         | 4 5 6 7 |  7.5
Fighting       | 4 5 6 7 |  7.2
Shields        | 4 5 6 7 |  7.9
Axes           | 3 4 5 6 |  6.5
Dodging        | 1 2 |  2.6
Invocations    | 1 2 3 4 |  4.3
Polearms       | 4 6 |  6.2
Evocations     | 2 |  2.9

Action                   |  1- 3 |  4- 6 |  7- 9 || total
-------------------------+-------+-------+-------++-------
Melee: War axe           |    64 |   177 |    37 ||   278
       Headbutt          |     5 |    23 |    30 ||    58
       Spear             |       |       |   145 ||   145
Invok: Divine Shield     |       |       |     1 ||     1
  Use: Scroll            |       |     7 |     4 ||    11
       Potion            |       |       |    10 ||    10
Armor: Scale mail        |    32 |    71 |    29 ||   132
Dodge: Dodged            |    24 |    55 |    24 ||   103
Block: Kite shield       |    33 |   104 |    83 ||   220
